 Dungeon Crawl Stone Soup version 0.26-a0-639-g72c4674329 (webtiles) character file.

Game seed: 4241958702612630085

163 Lanoc the Magician (level 5, -2/35 HPs)
             Began as a Merfolk Hedge Wizard on Sept 27, 2020.
             Was a Believer of Kikubaaqudgha.
             Slain by a centaur skeleton (8 damage)
             ... on level 4 of the Dungeon.
             The game lasted 00:07:44 (4450 turns).

Lanoc the Magician (Merfolk Hedge Wizard)           Turns: 4450, Time: 00:07:45

Health: -2/35      AC:  2    Str: 10    XL:     5   Next: 44%
Magic:  10/10      EV: 13    Int: 15    God:    Kikubaaqudgha [**....]
Gold:   159        SH:  0    Dex: 13    Spells: 1/10 levels left

rFire    . . .     SeeInvis .   a - +0 dagger
rCold    . . .     Faith    .   (no shield)
rNeg     . . .     Spirit   .   b - +0 robe
rPois    .         Reflect  .   c - +0 hat
rElec    .         Harm     .   (no cloak)
rCorr    .         Rampage  .   (no gloves)
MR       .....                  (no boots)
Stlth    ++........             (no amulet)
HPRegen  0.11/turn              (no ring)
MPRegen  0.12/turn              (no ring)

@: no status effects
A: change form in water, swift swim, stealthy swim
a: Receive Corpses, Renounce Religion


You were on level 4 of the Dungeon.
You worshipped Kikubaaqudgha.
Kikubaaqudgha was pleased with you.
You visited 1 branch of the dungeon, and saw 4 of its levels.

You collected 159 gold pieces.

Inventory:

Hand Weapons
 a - a +0 dagger (weapon)
Missiles
 t - 5 atropa-tipped darts (quivered)
Armour
 b - a +0 robe (worn)
 c - a +0 hat (worn)
Wands
 q - a wand of random effects (46)
Scrolls
 d - 2 scrolls of enchant armour {unknown}
 e - a scroll of blinking {unknown}
 g - a scroll of remove curse {unknown}
 h - a scroll of magic mapping {unknown}
 k - a scroll of noise {unknown}
 m - 2 scrolls of fear {unknown}
 o - a scroll of teleportation {unknown}
 r - a scroll of immolation {unknown}
 s - a scroll of identify {unknown}
Potions
 f - a potion of berserk rage {unknown}
 i - 5 potions of curing {unknown}
 j - a potion of flight {unknown}
 l - a potion of resistance {unknown}
 n - a potion of cancellation {unknown}
 p - a potion of heal wounds {unknown}


   Skills:
 - Level 2.6 Dodging
 - Level 2.1 Stealth
 - Level 3.4 Spellcasting
 - Level 1.5 Conjurations
 - Level 1.0 Summonings
 * Level 3.4 Necromancy
 - Level 0.7 Translocations


You had one spell level left.
You knew the following spells:

 Your Spells              Type           Power        Failure   Level
a - Pain                  Necr           ##..         4%          1
b - Animate Skeleton      Necr           ##....       4%          1
c - Blink                 Tloc           N/A          22%         2
d - Call Imp              Summ           #.......     19%         2
e - Magic Dart            Conj           #...         10%         1
f - Sublimation of Blood  Necr           ##........   7%          2

Your spell library contained the following spells:

 Spells                   Type           Power        Failure   Level
 Vampiric Draining        Necr           ##........   14%         3
 Slow                     Hex            #.......     28%         2
 Conjure Flame            Conj/Fire      #.......     38%         3
 Mephitic Cloud           Conj/Pois/Air  #.......     43%         3


Dungeon Overview and Level Annotations

Branches:
Dungeon (4/15)
 Temple: D:4-7

Altars:
Cheibriados
Kikubaaqudgha
Okawaru
Ru
Sif Muna
Zin


Message History

The centaur skeleton hits you. The centaur skeleton misses you.
You are too injured to fight recklessly!
You are too injured to fight recklessly!
You hit the centaur skeleton but do no damage.
The centaur skeleton is severely damaged.
The centaur skeleton hits you but does no damage.
You hit the centaur skeleton.
The centaur skeleton is severely damaged.
The centaur skeleton hits you!
* * * LOW HITPOINT WARNING * * *
You hit the centaur skeleton.
The centaur skeleton is almost destroyed.
The centaur skeleton hits you.
* * * LOW HITPOINT WARNING * * *
The centaur skeleton hits you but does no damage.
You hit the centaur skeleton.
The centaur skeleton is almost destroyed.
The centaur skeleton hits you!
You die...
Kikubaaqudgha rasps: "You have failed me!
Welcome... death!"

##...##.
........#######
........#......#
...............#
.......##......#
...o..o #<.....#
#....o. #......#
....... #.)....#
.......##@.....#
........Z..........
#......####........
####### #........
#........ #........
#.#...... ...###.


You could see a centaur skeleton.

Vanquished Creatures
  An orc wizard (D:4)
  An orc priest (D:3)
  5 adders (D:3)
  A worm (D:3)
  2 dart slugs
  2 leopard geckos
  2 orcs (D:3)
  A ball python (D:3)
  10 bats
  3 goblins
  5 hobgoblins
  3 jackals (D:2)
  2 quokkas
  2 frilled lizards
  4 kobolds
  3 rats
47 creatures vanquished.

Vanquished Creatures (collateral kills)
  A worm (D:1)
  An orc (D:3)
2 creatures vanquished.

Vanquished Creatures (others)
  10 plants (D:3)
10 creatures vanquished.

Grand Total: 59 creatures vanquished

Notes
Turn   | Place    | Note
-------+----------+-------------------------------------------
     0 | D:1      | Lanoc the Merfolk Hedge Wizard began the quest for the Orb.
     0 | D:1      | Reached XP level 1. HP: 13/13 MP: 4/4
    76 | D:1      | Reached skill level 1 in Conjurations
   279 | D:1      | Reached XP level 2. HP: 19/19 MP: 0/6
   381 | D:1      | Learned a level 2 spell: Call Imp
   384 | D:1      | Learned a level 2 spell: Blink
  1045 | D:2      | Found a faded altar of an unknown god.
  1051 | D:2      | Became a worshipper of Kikubaaqudgha
  1051 | D:2      | Reached * piety under Kikubaaqudgha
  1051 | D:2      | Identified Kikubaaqudgha's Disquisition on Evil Rituals
                  | (Kikubaaqudgha gifted it to you on level 2 of the Dungeon)
  1051 | D:2      | Received a gift from Kikubaaqudgha
  1209 | D:2      | Learned a level 1 spell: Animate Skeleton
  1211 | D:2      | Learned a level 1 spell: Pain
  1217 | D:2      | Reached XP level 3. HP: 24/24 MP: 1/7
  1431 | D:2      | Reached skill level 1 in Necromancy
  1772 | D:2      | Found a snail-covered altar of Cheibriados.
  2111 | D:3      | Found a sacrificial altar of Ru.
  2471 | D:3      | Reached XP level 4. HP: 24/30 MP: 1/9
  2562 | D:3      | Found a shimmering blue altar of Sif Muna.
  2575 | D:3      | Reached ** piety under Kikubaaqudgha
  2579 | D:3      | Learned a level 2 spell: Sublimation of Blood
  3081 | D:3      | Found an iron altar of Okawaru.
  3368 | D:3      | Found a glowing silver altar of Zin.
  4052 | D:3      | Reached XP level 5. HP: 4/35 MP: 3/10
  4450 | D:4      | Slain by a centaur skeleton

Illustrated notes

Levels and vault maps discovered:
D:1:      kennysheep_arrival_seaside, layout_basic
D:2:      layout_basic, cheibriados_altar_1, chequers_ecumenical_altar_simple
D:3:      layout_basic, nicolae_overflow_crystal_walls, old_standard_altar,
          old_standard_altar, zin_statuary, chequers_avenue, serial_bayou_pond_c
D:4:      layout_rooms, lemuel_doored_altar, kennysheep_mini_moat,
          gammafunk_ghost_arena, roderic_serpentine_path

Skill      XL: |  1  2  3  4 |
---------------+-------------+-----
Conjurations   | 1 |  1.5
Necromancy     | 2 3 |  3.4
Dodging        | |  2.6
Stealth        | |  2.1
Spellcasting   | |  3.4
Summonings     | |  1.0
Translocations | |  0.7

Action                   |  1- 3 |  4- 6 || total
-------------------------+-------+-------++-------
Melee: Dagger            |    53 |    29 ||    82
 Cast: Magic Dart        |    92 |     3 ||    95
       Call Imp          |     3 |     2 ||     5
       Pain              |       |    51 ||    51
       Animate Skeleton  |       |     4 ||     4
 Stab: Sleeping          |     1 |       ||     1
Armor: Robe              |    15 |     9 ||    24
Dodge: Dodged            |    58 |    57 ||   115

Table legend: (Time is in decaauts)
 A = Elapsed time spent in this place.
 B = Non-inter-level travel time spent in this place.
 C = Inter-level travel time spent in this place.
 D = Time resting spent in this place.
 E = Time spent auto-exploring this place.
 F = Levels seen in this place.
 G = Mean time per level.
                   A        B        C        D        E       F      G
               +--------+--------+--------+--------+--------+-----+--------+
         Total |   4447 |   4315 |    132 |    407 |   3336 |   4 | 1111.8 |
       Dungeon |   4447 |   4315 |    132 |    407 |   3336 |   4 | 1111.8 |
               +--------+--------+--------+--------+--------+-----+--------+

Top non-repeatable levels by time:
     D:3: 2265 daAuts
     D:2: 1071 daAuts
     D:1: 974 daAuts
     D:4: 135 daAuts
